 Dungeon Crawl Stone Soup version 0.22.0 (webtiles) character file.

9702 Blackhawk the Blocker (level 11, -12/89 HPs)
             Began as a Gnoll Fighter on Oct 21, 2018.
             Was a Priest of Trog.
             Killed from afar by Josephine (18 damage)
             ... with a ghostly fireball
             ... on level 11 of the Dungeon.
             The game lasted 00:24:45 (11019 turns).

Blackhawk the Blocker (Gnoll Fighter)              Turns: 11019, Time: 00:24:45

Health: -12/89     AC: 13    Str: 22    XL:     11   Next: 50%
Magic:  20/20      EV:  5    Int: 10    God:    Trog [***...]
Gold:   481        SH: 17    Dex: 15    Spells: 22/22 levels left

rFire    + . .     SeeInvis .   p - +2 war axe (venom)
rCold    + . .     Gourm    +   t - +1 large shield
rNeg     . . .     Faith    .   u - +0 plate armour
rPois    .         Spirit   .   (no helmet)
rElec    .         Reflect  .   D - scarf {rC+ rF+}
rCorr    .         Harm     .   (no gloves)
MR       .....                  (no boots)
Stlth    ..........             x - amulet of the gourmand
HPRegen  0.24/turn              h - +1 ring of slaying
MPRegen  0.17/turn              (no ring)

@: berserk cooldown, slowed, heavily drained, very slow
A: distributed training, fangs 1, strong nose
a: Berserk, Trog's Hand, Renounce Religion


You were on level 11 of the Dungeon.
You worshipped Trog.
Trog was most pleased with you.
You were very full.

You visited 2 branches of the dungeon, and saw 12 of its levels.

You collected 481 gold pieces.

Inventory:

Hand Weapons
 a - a +1 war axe
 b - a +0 hunting sling
 p - a +2 war axe of venom (weapon)
 L - a cursed +4 dire flail of freezing
 M - a cursed +3 mace
 N - a +2 flail of protection
Missiles
 e - 6 javelins
 l - 38 sling bullets
 m - 550 stones (quivered)
 n - 21 tomahawks
 J - 10 tomahawks of dispersal
 P - 3 poisoned tomahawks
Armour
 c - a +0 cloak
 t - a +1 large shield (worn)
 u - a +0 plate armour (worn)
 y - +0 steam dragon scales
 D - a scarf of resistance (worn)
Jewellery
 h - a +1 ring of slaying (left hand)
 x - an amulet of the gourmand (around neck)
Wands
 g - a wand of polymorph (5)
 w - a wand of disintegration (7)
 B - a wand of digging (10)
 E - a wand of enslavement (18)
 G - a wand of flame (16)
 H - a wand of scattershot (8)
Scrolls
 i - 4 scrolls of remove curse
 o - 2 scrolls of identify
 s - 3 scrolls of fog {unknown}
 v - a scroll of vulnerability {unknown}
 z - 3 scrolls of teleportation
Potions
 d - 2 potions of might
 j - 3 potions of curing
 k - 3 potions of brilliance
 q - 2 potions of flight
 r - 2 potions of lignification
 A - 3 potions of heal wounds
 C - a potion of mutation
 F - a potion of magic {unknown}
 I - a potion of degeneration
 K - a potion of resistance {unknown}
 R - a potion of haste {unknown}
Miscellaneous
 O - a box of beasts
Comestibles
 f - 13 rations
 Q - 5 chunks of flesh


   Skills:
 + Level 9.1(6.7) Fighting
 + Level 6.2(3.9) Short Blades
 + Level 6.2(3.9) Long Blades
 + Level 7.8(5.4) Axes
 + Level 6.2(3.9) Maces & Flails
 + Level 6.2(3.9) Polearms
 + Level 6.2(3.9) Staves
 + Level 6.2(3.9) Slings
 + Level 6.2(3.9) Bows
 + Level 6.2(3.9) Crossbows
 + Level 6.2(3.9) Throwing
 + Level 9.1(6.7) Armour
 + Level 6.2(3.9) Dodging
 + Level 6.2(3.9) Stealth
 + Level 9.1(6.7) Shields
 + Level 6.2(3.9) Unarmed Combat
 + Level 6.2(3.9) Spellcasting
 + Level 5.1(2.9) Conjurations
 + Level 5.1(2.9) Hexes
 + Level 5.1(2.9) Charms
 + Level 5.1(2.9) Summonings
 + Level 5.1(2.9) Necromancy
 + Level 5.1(2.9) Translocations
 + Level 5.1(2.9) Transmutations
 + Level 5.1(2.9) Fire Magic
 + Level 5.1(2.9) Ice Magic
 + Level 5.1(2.9) Air Magic
 + Level 5.1(2.9) Earth Magic
 + Level 5.1(2.9) Poison Magic
 + Level 6.8(4.5) Invocations
 + Level 6.2(3.9) Evocations


You had 22 spell levels left.
You didn't know any spells.
Your spell library contained the following spells:

 Spells                   Type           Power        Failure   Level  Hunger
 Confuse                  Hex            #.......     100%        3    ###....
 Tukima's Dance           Hex            #.......     100%        3    ###....
 Ensorcelled Hibernation  Hex/Ice        #.....       100%        2    ###....
 Corona                   Hex            #......      100%        1    #......
 Dazzling Spray           Conj/Hex       #.....       100%        3    ###....


Dungeon Overview and Level Annotations

Branches:
Dungeon (11/15)            Temple (1/1) D:5
   Lair: D:8-11         Orc: D:9-12

Altars:
Ashenzari
Cheibriados
Dithmenos
Elyvilon
Fedhas
Gozag
Hepliaklqana
Kikubaaqudgha
Makhleb
Nemelex Xobeh
Okawaru
Qazlal
Ru
Sif Muna
Trog
Uskayaw
Vehumet
Wu Jian
Xom
Yredelemnul
Zin
The Shining One

Annotations:
D:11 Josephine


Innate Abilities, Weirdness & Mutations

Your experience applies equally to all skills.
You have very sharp teeth.
Your uncanny sense of smell can sniff out nearby items.


Message History

* * * LOW HITPOINT WARNING * * *
The ghostly fireball engulfs Josephine.
Josephine completely resists.
You closely miss Josephine. You block Josephine's attack.
Your shield and plate armour prevent you from hitting Josephine.
You barely miss Josephine.
You are no longer berserk.
You are exhausted.
You feel yourself slow down. You block Josephine's attack.
You slash Josephine!
Josephine is poisoned.
You bite Josephine.
Josephine is lightly wounded.
You block Josephine's attack. x2; Josephine hits you but does no damage.
You slash Josephine!
Josephine is moderately wounded.
You block Josephine's attack.
You slash Josephine!
Josephine is heavily wounded.
You block Josephine's attack. Josephine hits you but does no damage.
Josephine casts a spell at you.
The ghostly flame explodes!
The ghostly fireball engulfs you!
You feel drained.
You die...

.# .. #.# #. #. .###### ###.
#.# #.# #.# ....... .... ..#
#.# .. ....... ...# #.# #.#
#.## ....... ...# #.# #.# ..#
....... ...#####.####.#
#(###.......
...#..........#####W#.........
...#.###........@.@WW.........
..............######C.#....o..
##............# #..#.......
#............# ##.#.......
#............# #.........
#............# #C........
##............# #.....####
..............# #.#.#.#
#....##########


You could see Josephine, a cyclops and 3 wraiths.

Vanquished Creatures
  Harold (D:9)
  4 two-headed ogres
  Joseph (D:7)
  A gargoyle (D:10)
  A troll (D:10)
  3 yaks (D:10)
  A wraith (D:10)
  A vampire (D:11)
  A human (D:8)
  A steam dragon (D:10)
  5 sky beasts
  6 orc warriors
  An ice beast (D:8)
  A phantom (D:7)
  A hornet zombie (D:7)
  A centaur (D:8)
  3 ogres
  A big kobold (D:6)
  3 bullfrogs
  A scorpion (D:8)
  16 killer bees
  5 wights (D:10)
  2 howler monkeys (D:9)
  A centaur zombie (D:9)
  4 crimson imps
  6 hounds
  2 jellies (D:5)
  5 orc priests
  3 bullfrog skeletons
  2 centaur skeletons
  5 iguanas
  7 worker ants
  12 orc wizards
  14 adders
  10 gnolls
  An adder skeleton (D:5)
  3 worms
  3 dart slugs
  7 leopard geckos
  41 orcs
  8 bats
  2 giant cockroaches
  8 goblins
  5 hobgoblins
  4 jackals
  10 kobolds
  4 quokkas
  2 ball pythons
  7 frilled lizards
  A giant cockroach zombie (D:6)
  A leopard gecko skeleton (D:4)
  2 quokka skeletons
  8 rats
249 creatures vanquished.

Vanquished Creatures (others)
  An orc wizard (D:4)
1 creature vanquished.

Grand Total: 250 creatures vanquished

Notes
Turn   | Place    | Note
-------+----------+-------------------------------------------
     0 | D:1      | Blackhawk the Gnoll Fighter began the quest for the Orb.
     0 | D:1      | Reached XP level 1. HP: 23/23 MP: 1/1
    65 | D:1      | Reached XP level 2. HP: 27/29 MP: 2/2
   477 | D:1      | Reached XP level 3. HP: 28/35 MP: 3/3
   674 | D:2      | Reached skill level 1 in Invocations
   733 | D:2      | Reached skill level 1 in Short Blades
   733 | D:2      | Reached skill level 1 in Long Blades
   733 | D:2      | Reached skill level 1 in Maces & Flails
   733 | D:2      | Reached skill level 1 in Polearms
   733 | D:2      | Reached skill level 1 in Staves
   733 | D:2      | Reached skill level 1 in Slings
   733 | D:2      | Reached skill level 1 in Bows
   733 | D:2      | Reached skill level 1 in Crossbows
   733 | D:2      | Reached skill level 1 in Throwing
   733 | D:2      | Reached skill level 1 in Dodging
   733 | D:2      | Reached skill level 1 in Stealth
   733 | D:2      | Reached skill level 1 in Unarmed Combat
   733 | D:2      | Reached skill level 1 in Spellcasting
   733 | D:2      | Reached skill level 1 in Evocations
   817 | D:2      | Reached XP level 4. HP: 41/41 MP: 5/5
  1083 | D:2      | Reached skill level 1 in Conjurations
  1083 | D:2      | Reached skill level 1 in Hexes
  1083 | D:2      | Reached skill level 1 in Charms
  1083 | D:2      | Reached skill level 1 in Summonings
  1083 | D:2      | Reached skill level 1 in Necromancy
  1083 | D:2      | Reached skill level 1 in Translocations
  1083 | D:2      | Reached skill level 1 in Transmutations
  1083 | D:2      | Reached skill level 1 in Fire Magic
  1083 | D:2      | Reached skill level 1 in Ice Magic
  1083 | D:2      | Reached skill level 1 in Air Magic
  1083 | D:2      | Reached skill level 1 in Earth Magic
  1083 | D:2      | Reached skill level 1 in Poison Magic
  1678 | D:3      | Reached XP level 5. HP: 47/47 MP: 6/6
  2092 | D:4      | Reached XP level 6. HP: 26/53 MP: 8/8
  2636 | D:4      | Reached skill level 5 in Axes
  2998 | D:5      | Entered Level 5 of the Dungeon
  3015 | D:5      | Found a staircase to the Ecumenical Temple.
  3024 | Temple   | Entered the Ecumenical Temple
  3427 | D:5      | Reached XP level 7. HP: 59/59 MP: 10/10
  3501 | D:5      | Found a radiant altar of Vehumet.
  4167 | D:5      | Reached XP level 8. HP: 62/67 MP: 12/12
  4666 | D:6      | Found an ornate altar of the Wu Jian Council.
  5030 | D:6      | Found an ancient bone altar of Kikubaaqudgha.
  5451 | D:6      | Reached XP level 9. HP: 38/72 MP: 14/14
  6024 | D:7      | Found a bloodstained altar of Trog.
  6109 | D:7      | Became a worshipper of Trog the Wrathful
  6417 | D:7      | Found a shadowy altar of Dithmenos.
  6440 | D:7      | Noticed Joseph
  6456 | D:7      | Killed Joseph
  6714 | D:8      | Found a hazy altar of Hepliaklqana.
  6721 | D:8      | Found a basalt altar of Yredelemnul.
  6896 | D:8      | Reached skill level 5 in Invocations
  7277 | D:8      | Found a sacrificial altar of Ru.
  7284 | D:8      | Reached * piety under Trog
  7324 | D:8      | Reached XP level 10. HP: 52/80 MP: 17/17
  8090 | D:9      | Found a deep blue altar of Sif Muna.
  8091 | D:9      | Noticed Harold
  8107 | D:9      | Killed Harold
  8107 | D:9      | Reached skill level 5 in Short Blades
  8107 | D:9      | Reached skill level 5 in Long Blades
  8107 | D:9      | Reached skill level 5 in Maces & Flails
  8107 | D:9      | Reached skill level 5 in Polearms
  8107 | D:9      | Reached skill level 5 in Staves
  8107 | D:9      | Reached skill level 5 in Slings
  8107 | D:9      | Reached skill level 5 in Bows
  8107 | D:9      | Reached skill level 5 in Crossbows
  8107 | D:9      | Reached skill level 5 in Throwing
  8107 | D:9      | Reached skill level 5 in Dodging
  8107 | D:9      | Reached skill level 5 in Stealth
  8107 | D:9      | Reached skill level 5 in Unarmed Combat
  8107 | D:9      | Reached skill level 5 in Spellcasting
  8107 | D:9      | Reached skill level 5 in Evocations
  8111 | D:9      | Found a stormy altar of Qazlal.
  8113 | D:9      | Found a white marble altar of Elyvilon.
  8303 | D:9      | Found a sparkling altar of Nemelex Xobeh.
  8303 | D:9      | Found a snail-covered altar of Cheibriados.
  8303 | D:9      | Found an opulent altar of Gozag.
  8306 | D:9      | Found an iron altar of Okawaru.
  8370 | D:9      | Noticed a two-headed ogre
  8378 | D:9      | Killed a two-headed ogre
  8475 | D:9      | Noticed a two-headed ogre
  8485 | D:9      | Killed a two-headed ogre
  8958 | D:10     | Entered Level 10 of the Dungeon
  9187 | D:10     | Reached ** piety under Trog
  9551 | D:10     | Reached XP level 11. HP: 82/87 MP: 19/19
  9709 | D:10     | Noticed a two-headed ogre
  9731 | D:10     | Killed a two-headed ogre
  9745 | D:10     | Reached skill level 5 in Conjurations
  9745 | D:10     | Reached skill level 5 in Hexes
  9745 | D:10     | Reached skill level 5 in Charms
  9745 | D:10     | Reached skill level 5 in Summonings
  9745 | D:10     | Reached skill level 5 in Necromancy
  9745 | D:10     | Reached skill level 5 in Translocations
  9745 | D:10     | Reached skill level 5 in Transmutations
  9745 | D:10     | Reached skill level 5 in Fire Magic
  9745 | D:10     | Reached skill level 5 in Ice Magic
  9745 | D:10     | Reached skill level 5 in Air Magic
  9745 | D:10     | Reached skill level 5 in Earth Magic
  9745 | D:10     | Reached skill level 5 in Poison Magic
  9895 | D:10     | Noticed a two-headed ogre
 10143 | D:10     | Killed a two-headed ogre
 10989 | D:11     | Noticed a cyclops
 10989 | D:11     | Noticed Josephine
 11011 | D:11     | Reached *** piety under Trog
 11012 | D:11     | HP: 5/133 [Josephine/ghostly fireball (25)]
 11019 | D:11     | Killed from afar by Josephine

Skill      XL: |  1  2  3  4  5  6  7  8  9 10 11 |
---------------+----------------------------------+-----
Invocations    | 1 2 3 4 5 6 |  6.8
Short Blades   | 1 2 3 4 5 6 |  6.2
Long Blades    | 1 2 3 4 5 6 |  6.2
Maces & Flails | 1 2 3 4 5 6 |  6.2
Polearms       | 1 2 3 4 5 6 |  6.2
Staves         | 1 2 3 4 5 6 |  6.2
Slings         | 1 2 3 4 5 6 |  6.2
Bows           | 1 2 3 4 5 6 |  6.2
Crossbows      | 1 2 3 4 5 6 |  6.2
Throwing       | 1 2 3 4 5 6 |  6.2
Dodging        | 1 2 3 4 5 6 |  6.2
Stealth        | 1 2 3 4 5 6 |  6.2
Unarmed Combat | 1 2 3 4 5 6 |  6.2
Spellcasting   | 1 2 3 4 5 6 |  6.2
Evocations     | 1 2 3 4 5 6 |  6.2
Conjurations   | 1 2 3 4 5 |  5.1
Hexes          | 1 2 3 4 5 |  5.1
Charms         | 1 2 3 4 5 |  5.1
Summonings     | 1 2 3 4 5 |  5.1
Necromancy     | 1 2 3 4 5 |  5.1
Translocations | 1 2 3 4 5 |  5.1
Transmutations | 1 2 3 4 5 |  5.1
Fire Magic     | 1 2 3 4 5 |  5.1
Ice Magic      | 1 2 3 4 5 |  5.1
Air Magic      | 1 2 3 4 5 |  5.1
Earth Magic    | 1 2 3 4 5 |  5.1
Poison Magic   | 1 2 3 4 5 |  5.1
Axes           | 5 6 7 |  7.8
Fighting       | 7 8 9 |  9.1
Armour         | 7 8 9 |  9.1
Shields        | 7 8 9 |  9.1

Action                   |  1- 3 |  4- 6 |  7- 9 | 10-12 || total
-------------------------+-------+-------+-------+-------++-------
Melee: War axe           |    72 |   206 |   390 |   256 ||   924
       Bite              |    11 |    26 |    52 |    39 ||   128
Invok: Berserk           |       |       |       |     4 ||     4
  Use: Scroll            |       |       |    14 |       ||    14
       Potion            |       |       |     1 |       ||     1
 Stab: Invisible         |       |       |     1 |       ||     1
       Paralysed         |       |       |     1 |       ||     1
  Eat: Chunk             |       |     9 |    21 |    15 ||    45
Armor: Scale mail        |    26 |    21 |       |       ||    47
       Plate armour      |       |    72 |   177 |    76 ||   325
Dodge: Dodged            |    24 |    33 |    58 |    34 ||   149
Block: Shield            |    47 |    32 |       |       ||    79
       Large shield      |       |   150 |   336 |   242 ||   728
